[Event "Early-Titled-Tuesday-Blitz-April-23-2024"]
[Site "Chess.com"]
[Date "2024.04.23"]
[Round "3"]
[White "jinbojinbo"]
[Black "platy3"]
[Result "0-1"]
[WhiteElo "2628"]
[BlackElo "2881"]
[TimeControl "180+1"]
[EndTime "8:29:34 PDT"]
[Termination "platy3 won by checkmate"]

1. c4 Nf6 2. Nc3 e5 3. Nf3 Nc6 4. g3 Bb4 5. Bg2 O-O 6. Nd5 Bc5 7. b4 Bxb4 8. Nxb4 Nxb4 9. Nxe5 Re8 10. a3 Nc6 11.
Nxc6 dxc6 12. O-O Bg4 13. Re1 Qd4 14. Rb1 Qxc4 15. d3 Qa6 16. h3 Be6 17. Bb2 Nd5 18. e4 Nb6 19. Qd2 f6 20. Rbd1 Rad8 21. Qe3 Qb5 22. Ba1 Qa4 23. Qf4 Qxa3 24. Qxc7 Rd7 25.
Qf4 Rxd3 26. h4 Red8 27. Rxd3 Qxd3 28. Bf3 Qd2 29. Rd1 Qxd1+ 30. Bxd1 Rxd1+ 31. Kg2 Rxa1 32. Qd6 Kf7 33. e5 Bd5+ 34. Kh3 h5 35. g4 Rh1+ 36. Kg3 Rg1+ 37. Kh2 Rg2+ 38. Kh1 Rxg4+ 39. Kh2 Rxh4+ 40.
Kg3 Rg4+ 41. Kh3 Nc4 42. Qd7+ Kg6 43. e6 Ne5 44. Qe8+ Kg5 45. f4+ Kxf4 46. Qb8 Kf5 47. e7 Bg2+ 48. Kh2 Nf3# 0-1

[Event "Early-Titled-Tuesday-Blitz-April-23-2024"]
[Site "Chess.com"]
[Date "2024.04.23"]
[Round "3"]
[White "PeshkaCh"]
[Black "ChinguunSu"]
[Result "1-0"]
[WhiteElo "2877"]
[BlackElo "2627"]
[TimeControl "180+1"]
[EndTime "8:29:34 PDT"]
[Termination "PeshkaCh won by resignation"]

1. Nf3 Nf6 2. d4 g6 3. Nbd2 d5 4. g3 Bg7 5. Bg2 O-O 6. c4 c6 7. O-O Bf5 8. b3 Ne4 9. Bb2 Nd7 10. Rc1 Nxd2 11. Nxd2 Nf6 12. Nf3 Be4 13. Qd2 a5 14. cxd5 Nxd5 15. a3 a4 16. b4 Nb6 17.
Rfd1 Bd5 18. Qd3 Nc4 19. Rxc4 Bxc4 20. Qxc4 e5 21. d5 cxd5 22. Rxd5 Qc8 23. Rc5 Qd7 24. Bxe5 Qd1+ 25. Bf1 Bxe5 26. Nxe5 Qb3 27. Rc7 Rae8 28.
Nd7 Qxc4 29. Rxc4 Rc8 30. Rxc8 Rxc8 31. Nc5 b5 32. e3 Rb8 33. Ne4 Kf8 34. Nc3 Ke7 35.
Bxb5 Rc8 36. Nxa4 Rc1+ 37. Kg2 Ra1 38. Nb6 Rxa3 39. Bc4 f5 40. b5 Kd6 41. Bg8 Kc5 42. Nd5 Ra7 43. Nf4 Kxb5 44. h4 Rg7 45. Bd5 Re7 46.
Bf3 Kc5 47. Nh3 Kd6 48. h5 Ke5 49. hxg6 hxg6 50. Nf4 Kf6 51. Nd5+ Ke6 52. Nxe7 Kxe7 53. g4 Kf6 54. gxf5 gxf5 55. Kg3 Kg5 56. Bg2 f4+ 57. exf4+ Kh5 58. Kf3 Kh4 59. Ke4 Kg4 60.
f5 Kg5 61. Ke5 1-0

[Event "Early-Titled-Tuesday-Blitz-April-23-2024"]
[Site "Chess.com"]
[Date "2024.04.23"]
[Round "3"]
[White "SahibSinghKnight"]
[Black "praveenb2002"]
[Result "0-1"]
[WhiteElo "2630"]
[BlackElo "2899"]
[TimeControl "180+1"]
[EndTime "8:29:34 PDT"]
[Termination "praveenb2002 won by resignation"]

1. e4 c6 2. d4 d5 3. Nc3 dxe4 4. Nxe4 Nf6 5. Nxf6+ exf6 6. c3 Bd6 7. Bd3 O-O 8. Qc2 Re8+ 9. Ne2 h5 10. O-O h4 11. h3 Nd7 12. c4 Nf8 13. Be3 Bb8 14. Rad1 Qc7 15. Bf4 Rxe2 16. Bxc7 Rxc2 17. Bxb8 Rxb2 18.
Bd6 Rxa2 19. Rfe1 Be6 20. Bb1 Rb2 21. d5 cxd5 22. cxd5 Bd7 23. Rc1 Rd2 24. Be4 Rc8 25. Ra1 a6 26. Reb1 Bb5 27. Be7 Ng6 28. Bb4 Rd4 29.
Bf3 Nf4 30. d6 Bc6 31. Bc5 Rd3 32. Be3 Nd5 33. Rd1 Rxd1+ 34. Rxd1 Nxe3 35. fxe3 Bxf3 36. gxf3 Rd8 37. e4 g5 38. Kf2 Kf8 39. Rd5 Ke8 40. Ke3 Kd7 41. f4 gxf4+ 42. Kxf4 Ke6 43. Rh5 Rxd6 44.
Rxh4 a5 45. Rh8 Ra6 46. Rc8 a4 47. Rc2 a3 48. Ra2 b5 49. h4 b4 50. h5 b3 51. Rh2 a2 52. h6 a1=Q 53. h7 Qe5+ 0-1

[Event "Early-Titled-Tuesday-Blitz-April-23-2024"]
[Site "Chess.com"]
[Date "2024.04.23"]
[Round "3"]
[White "eagleclaw07"]
[Black "Grossboss19"]
[Result "1-0"]
[WhiteElo "2886"]
[BlackElo "2629"]
[TimeControl "180+1"]
[EndTime "8:29:35 PDT"]
[Termination "eagleclaw07 won by resignation"]

1. d4 Nf6 2. c4 g6 3. g3 Bg7 4. Bg2 O-O 5. Nc3 c5 6. d5 Ne8 7. Nf3 Na6 8. O-O Nac7 9. a4 e5 10. e4 Nd6 11. b3 Rb8 12. Re1 b6 13. Be3 Nce8 14. a5 h6 15. axb6 axb6 16. Qc1 Kh7 17. Bd2 b5 18. Bf1 bxc4 19. bxc4 f5 20. exf5 Nxf5 21. Nxe5 Nd4 22. Bf4 Bxe5 23. Bxe5 Nf3+ 24.
Kg2 Nxe1+ 25. Qxe1 d6 26. Bf4 Qf6 27. Ne4 Qe7 28.
Ng5+ Qxg5 29. Bxg5 hxg5 30. Qe7+ Kg8 31. Ra7 Bb7 32. Rxb7 Rxb7 33. Qxb7 Nf6 34. Bd3 Ng4 35. Bxg6 Rf6 36. Qh7+ Kf8 37. Qh8+ Ke7 38. Qg7+ Kd8 39. f3 Ne3+ 40. Kf2 Nd1+ 41. Ke2 Nc3+ 42. Kd2 Rxf3 43. Qxc3 Rxc3 44. Kxc3 Ke7 45. Kd3 Kf6 46. Be4 Ke5 47.
h3 Kf6 48. Ke3 Ke5 49. Bd3 Kf6 50. Ke4 Kg6 51. Be2 Kf6 52. Bh5 Kg7 53. Kf5 Kh6 54. Bg4 1-0

[Event "Early-Titled-Tuesday-Blitz-April-23-2024"]
[Site "Chess.com"]
[Date "2024.04.23"]
[Round "3"]
[White "Storne89"]
[Black "OparinGrigoriy"]
[Result "0-1"]
[WhiteElo "2739"]
[BlackElo "2987"]
[TimeControl "180+1"]
[EndTime "8:29:36 PDT"]
[Termination "OparinGrigoriy won on time"]

1. d4 Nf6 2. Nf3 b6 3. Bg5 Bb7 4. Bxf6 gxf6 5. Nbd2 f5 6. e3 e6 7. g3 Bg7 8. Bg2 O-O 9. O-O d5 10. c3 Nd7 11. Ne1 Nf6 12. Nd3 Qe7 13. Ne5 c5 14. a4 Ne4 15. a5 Ba6 16. Re1 Qc7 17.
axb6 axb6 18. Ndf3 Bb7 19. Nd3 b5 20. Nf4 Rxa1 21.
Qxa1 Ra8 22. Qb1 Qb6 23. Nh5 Bh8 24. Ne5 Qc7 25. Nd3 c4 26. Nb4 Nf6 27. Nf4 Bc8 28.
Bf3 Bg7 29. Kg2 Bf8 30. h3 Bd7 31. g4 fxg4 32. hxg4 Bd6 33. g5 Bxf4 34. gxf6 Bg5 35. Rh1 h6 36. Bg4 Qd8 37. f4 Bxf6 38. Rxh6 Bg7 39.
Qh7+ Kf8 40. Rh1 Qf6 41. Kf3 Be8 42. Rg1 Qh6 43. Qxh6 Bxh6 44. f5 Ke7 45. Rh1 Bg5 46. Rh7 Kf6 47. fxe6 fxe6 48. Rb7 Bg6 49. Rb6 Be4+ 50.
Ke2 Rh8 51. Rxe6+ Kf7 52. Re5 Rh2+ 53. Kf1 Bxe3 54. Nxd5 Bd3+ 0-1

[Event "Early-Titled-Tuesday-Blitz-April-23-2024"]
[Site "Chess.com"]
[Date "2024.04.23"]
[Round "3"]
[White "ahmedkandiliii"]
[Black "Nemegejas"]
[Result "0-1"]
[WhiteElo "2526"]
[BlackElo "2811"]
[TimeControl "180+1"]
[EndTime "8:29:36 PDT"]
[Termination "Nemegejas won by checkmate"]

1. e4 c6 2. d4 d5 3. Nd2 dxe4 4. Nxe4 Nd7 5. Nf3 Ngf6 6. Nc3 e6 7. Bd3 c5 8. Bf4 cxd4 9. Nb5 Nd5 10. Bg3 Bb4+ 11. Kf1 O-O 12. Nbxd4 Bc5 13. c3 b6 14. h4 N7f6 15. Ng5 Bb7 16. Ndf3 Ne7 17. Qc2 Nf5 18. Rd1 Qc8 19. Be5 Ng4 20. Bd4 Bxd4 21. Bxf5 exf5 22.
Nxd4 g6 23. h5 Nf6 24. hxg6 hxg6 25. Qd3 Ba6 26. Nb5 Rd8 27. Qh3 Rxd1+ 28. Ke2 Qc4+ 29. Kxd1 Qg4+ 30. Qxg4 Nxg4 31. f3 Nf2+ 32. Kc2 Nxh1 33. Nc7 Bb7 34. Nxa8 Bxa8 35. Nh3 Ng3 36. Nf4 Kf8 37.
Nd3 Ke7 38. Kd2 Kd6 39. Ke3 g5 40. f4 Bxg2 41. fxg5 Be4 42. Kf4 Bxd3 43. Kf3 Nh5 44. g6 Be4+ 45. Ke3 fxg6 46. Kd4 g5 47. Ke3 g4 48.
Ke2 g3 49. Ke3 g2 50. Kf2 Nf4 51. Kg1 Nh3+ 52. Kh2 g1=Q+ 53. Kxh3 Qg4+ 54. Kh2 Qg2# 0-1

[Event "Early-Titled-Tuesday-Blitz-April-23-2024"]
[Site "Chess.com"]
[Date "2024.04.23"]
[Round "3"]
[White "Airquake"]
[Black "GMKrikor"]
[Result "0-1"]
[WhiteElo "2662"]
[BlackElo "2890"]
[TimeControl "180+1"]
[EndTime "8:29:37 PDT"]
[Termination "GMKrikor won on time"]

1. b3 Nf6 2. Bb2 d5 3. e3 e6 4. Nf3 Bd6 5. c4 O-O 6. Nc3 Re8 7. d4 b6 8. Bd3 Bb7 9. Qc2 a6 10. h3 Nbd7 11. cxd5 exd5 12. O-O Ne4 13. Rac1 Qe7 14. Nd2 f5 15. Ne2 Rac8 16. Rce1 g6 17. f3 Nxd2 18.
Qxd2 Qxe3+ 19. Qxe3 Rxe3 20. Bc2 Rce8 21. Kf2 Bb4 22. Nc3 Rxe1 23. Rxe1 Rxe1 24. Kxe1 Kf7 25. Ke2 f4 26. Nd1 Bd6 27. Nf2 a5 28. Bd3 Nf8 29. Ng4 Ne6 30. h4 h5 31. Ne5+ Bxe5 32. dxe5 c5 33. Kf2 Bc6 34. a4 d4 35. Bc4 Ke7 36.
g3 fxg3+ 37. Kxg3 Nc7 38. Kf4 Bd5 39. Bd3 Kf7 40. Bc2 Ne6+ 41. Kg3 Ng7 42. Kf4 Be6 43.
Bc1 Bf5 44. Bd1 Ne6+ 45. Kg3 Nc7 46. Bd2 Nd5 47. Be2 Ke6 48. Bc4 Kxe5 49. Bxd5 Kxd5 50.
Kf4 Bc2 0-1

[Event "Early-Titled-Tuesday-Blitz-April-23-2024"]
[Site "Chess.com"]
[Date "2024.04.23"]
[Round "3"]
[White "Zarinur"]
[Black "Hope_6"]
[Result "1-0"]
[WhiteElo "2516"]
[BlackElo "2679"]
[TimeControl "180+1"]
[EndTime "8:29:37 PDT"]
[Termination "Zarinur won on time"]

1. e4 c6 2. d4 d5 3. e5 Bf5 4.
Nd2 e6 5. Nb3 a6 6. Nf3 c5 7.
dxc5 Nc6 8. c3 Nge7 9. Bd3 Bxd3 10. Qxd3 Ng6 11. O-O Ngxe5 12. Nxe5 Nxe5 13. Qg3 Ng6 14. Be3 Be7 15. Nd2 O-O 16. b4 Bf6 17. Rac1 Qd7 18. f4 Nh4 19. Bd4 Nf5 20. Qd3 Nxd4 21. cxd4 Rfc8 22. Nf3 Qa4 23. a3 g6 24. Ne5 Be7 25. g4 f6 26. Nf3 Qd7 27. h3 Qc7 28. Qe3 Qc6 29. Rfe1 Kf7 30. f5 gxf5 31. gxf5 Rg8+ 32. Kh1 e5 33. dxe5 d4 34. Qf4 fxe5 35. Rxe5 Bf6 36. Re6 Qd5 37. Rd6 Qa2 38. Qd2 Qxa3 39. Rf1 Rae8 40.
Qh6 Be7 41. Qe6+ Kf8 42. Qh6+ Kf7 43. Re6 Rg7 44. Ne5+ Kf8 45. f6 1-0

[Event "Early-Titled-Tuesday-Blitz-April-23-2024"]
[Site "Chess.com"]
[Date "2024.04.23"]
[Round "3"]
[White "Kirill_Klukin"]
[Black "yobdc"]
[Result "1-0"]
[WhiteElo "2840"]
[BlackElo "2603"]
[TimeControl "180+1"]
[EndTime "8:29:38 PDT"]
[Termination "Kirill_Klukin won on time"]

1. d4 e6 2. Nf3 f5 3. c4 Nf6 4. Nc3 Bb4 5. Qb3 a5 6. g3 b6 7. Bg2 Bb7 8. O-O O-O 9. a3 Bxc3 10. Qxc3 Be4 11. b4 axb4 12. axb4 Rxa1 13. Qxa1 Nc6 14. b5 Na5 15. Qa4 Qa8 16. Bd2 Qb7 17. Bxa5 Ra8 18.
Qa3 d6 19. Qe3 Rxa5 20. Ng5 h6 21. Bxe4 fxe4 22. Nxe6 Qc8 23. d5 Ra2 24. h3 Rc2 25. Rc1 Rxc1+ 26. Qxc1 Qa8 27. Qf4 Qa2 28. Kg2 Qxe2 29.
Nxc7 Qxc4 30. Qxd6 e3 31. Qe6+ Kh8 32. Ne8 Qxd5+ 33.
Qxd5 Nxd5 34. fxe3 Nxe3+ 35. Kf3 Nc2 36. Ke4 Na3 37.
Nd6 g6 38. Kd5 Kg7 39. Kc6 Kf6 40. Kxb6 Ke5 41. Kc5 Nxb5 42. Nxb5 Ke4 43. Nd4 Ke3 44. Kd5 Kf2 45. g4 Kg3 46. Ke4 Kxh3 47. Kf4 Kh4 48. Nf3+ Kh3 49. Ne5 g5+ 50. Kf5 Kh4 51. Kg6 Kg3 52.
Kxh6 Kf4 53. Kh5 1-0

[Event "Early-Titled-Tuesday-Blitz-April-23-2024"]
[Site "Chess.com"]
[Date "2024.04.23"]
[Round "3"]
[White "aanshnerurkar"]
[Black "Naruna_Chan"]
[Result "0-1"]
[WhiteElo "2424"]
[BlackElo "2326"]
[TimeControl "180+1"]
[EndTime "8:29:38 PDT"]
[Termination "Naruna_Chan won on time"]

1. d4 d5 2. c4 e6 3. Nf3 Nf6 4. g3 c5 5. cxd5 exd5 6. Bg2 Nc6 7.
O-O Be7 8. Nc3 O-O 9. dxc5 Bxc5 10. Bg5 d4 11. Bxf6 Qxf6 12. Ne4 Qe7 13. Nxc5 Qxc5 14.
Qd2 Rd8 15. Rac1 Qb6 16. b3 Bg4 17. h3 Bh5 18. Rfd1 Rd6 19. g4 Bg6 20. Nh4 Rad8 21. Bxc6 bxc6 22. Qg5 Rd5 23. Qf4 d3 24. exd3 Bxd3 25.
Ng2 Bg6 26. Ne3 Rxd1+ 27. Rxd1 Rxd1+ 28. Nxd1 h5 29. Qe3 Qa5 30. Nc3 hxg4 31. hxg4 Qb4 32. f4 f6 33. Kf2 Qd6 34. Ne2 a5 35. Qd4 Qc7 36. f5 Bf7 37. Nf4 c5 38. Qe3 c4 39.
bxc4 Qxc4 40. a3 Qa2+ 41. Kg3 a4 42. Ne6 Bxe6 43. fxe6 Qb3 44. Kf4 Qxe3+ 45. Kxe3 Kf8 46. Ke4 Ke7 47. Kf5 g6+ 0-1

[Event "Early-Titled-Tuesday-Blitz-April-23-2024"]
[Site "Chess.com"]
[Date "2024.04.23"]
[Round "3"]
[White "Meri-Arabidze"]
[Black "UK_23"]
[Result "1-0"]
[WhiteElo "2663"]
[BlackElo "2483"]
[TimeControl "180+1"]
[EndTime "8:29:40 PDT"]
[Termination "Meri-Arabidze won by resignation"]

1. Nf3 Nf6 2. b3 c5 3. Bb2 Nc6 4. e3 d6 5. d4 cxd4 6. exd4 d5 7. Bd3 Bg4 8. h3 Bh5 9. O-O e6 10. Nbd2 Bd6 11. Qe1 Qc7 12. a3 O-O 13. Ne5 Bxe5 14. dxe5 Nd7 15. g4 Bg6 16. Bxg6 hxg6 17. f4 Qb6+ 18.
Rf2 Nd4 19. Rc1 Rac8 20. Qd1 g5 21. Ne4 dxe4 22. Bxd4 Qc7 23. Qd2 gxf4 24. Qxf4 f6 25.
Qxe4 fxe5 26. Be3 Rxf2 27. Bxf2 Qc3 28. Kg2 Nc5 29. Qg6 e4 30. Bxc5 Qf3+ 31. Kg1 Qg3+ 32. Kh1 Qxh3+ 33. Kg1 Qg3+ 34. Kh1 Qf3+ 35. Kg1 Rxc5 36.
Qxe6+ Qf7 37. Qxf7+ Kxf7 38. c4 Kf6 39. Kf2 Ke5 40. Ke3 Rc6 41. Rd1 Rg6 42. Rd5+ Ke6 43. g5 b6 44. Kxe4 a5 45. Kf4 Ke7 46. Kf5 Re6 47.
Re5 g6+ 48. Ke4 Kd6 49. Rxe6+ Kxe6 50. b4 Kd6 51. Kd4 Kc6 52. Ke5 axb4 53. axb4 Kd7 54. Kd5 Kc7 55. Ke6 Kc6 56. Ke5 Kc7 57. c5 bxc5 58.
bxc5 Kc6 59. Kf6 Kxc5 60. Kxg6 Kd6 61. Kf6 Kd7 62. Kf7 1-0

[Event "Early-Titled-Tuesday-Blitz-April-23-2024"]
[Site "Chess.com"]
[Date "2024.04.23"]
[Round "3"]
[White "only_strong_moves"]
[Black "chesslh93"]
[Result "1-0"]
[WhiteElo "2714"]
[BlackElo "2382"]
[TimeControl "180+1"]
[EndTime "8:29:40 PDT"]
[Termination "only_strong_moves won on time"]

1. d4 d5 2. c4 e6 3. Nc3 Nf6 4.
cxd5 exd5 5. Bg5 c6 6. e3 Be7 7. Bd3 Nbd7 8. Qc2 O-O 9. Nge2 Re8 10. O-O Nf8 11. f3 Nh5 12. Bxe7 Qxe7 13. e4 dxe4 14. fxe4 Be6 15. Rae1 Rad8 16. h3 c5 17. d5 c4 18. Bxc4 Qc5+ 19. Rf2 Qxc4 20. dxe6 Nxe6 21. Ref1 Qc5 22. Qc1 Nf6 23. Ng3 Rd7 24. Kh1 Qe5 25. Qe3 Nd4 26. Rd1 Nc6 27. Rxd7 Nxd7 28. Rf5 Qd4 29.
Qxd4 Nxd4 30. Rd5 Nf6 31. Rxd4 g6 32. Kg1 h5 33. Kf2 Kg7 34. Kf3 a6 35. a4 Re7 36.
a5 Rc7 37. Nf1 Rc5 38. Ra4 Nd7 39. Ne3 Ne5+ 40. Ke2 Nc6 41. Nc4 f5 42. exf5 Rxf5 43. Nd6 Re5+ 44. Kd3 Nxa5 45. Nce4 Nc6 46. Nxb7 Rb5 47.
Nbd6 Rxb2 48. g4 hxg4 49. hxg4 Ne5+ 50. Kd4 Nxg4 51. Rxa6 Rd2+ 52. Kc5 Re2 53. Ra7+ Kh6 54. Kd5 Nf2 55. Nf7+ Kh5 56. Ng3+ Kg4 57. Nxe2 1-0

[Event "Early-Titled-Tuesday-Blitz-April-23-2024"]
[Site "Chess.com"]
[Date "2024.04.23"]
[Round "3"]
[White "Hamisandwich"]
[Black "DominguezOnYoutube"]
[Result "0-1"]
[WhiteElo "2720"]
[BlackElo "2943"]
[TimeControl "180+1"]
[EndTime "8:29:41 PDT"]
[Termination "DominguezOnYoutube won by resignation"]

1. a3 e5 2. c4 Nf6 3. d3 d5 4.
cxd5 Nxd5 5. Nf3 Nc6 6. e4 Nf6 7. Be2 Bc5 8. O-O O-O 9. Be3 Bb6 10. Nc3 Bg4 11. Na4 Bxf3 12. Bxf3 Qe7 13. Rc1 Rfd8 14.
Nc5 Nd4 15. Bxd4 Rxd4 16. Qc2 c6 17. Be2 Bxc5 18. Qxc5 Qxc5 19. Rxc5 Nd7 20. Rc3 Rd8 21. g3 Kf8 22. f4 f6 23. Bg4 Ke7 24. Kf2 Nb6 25.
Be2 exf4 26. gxf4 f5 27. Ke3 g6 28. h4 R4d6 29. Rh1 Re6 30. Kf3 Rd4 31. exf5 gxf5 32.
Bf1 Nd5 33. Rc4 Re3+ 34. Kf2 c5 35.
Rxd4 cxd4 36. Bg2 Nxf4 37. Bxb7 Nxd3+ 38. Kg2 Nf4+ 39. Kf2 Rb3 40. Rd1 Rxb7 41. Rxd4 Rxb2+ 42. Kf3 Ne6 43. Ra4 Rb3+ 44. Kf2 Kf6 45. Rxa7 h5 46. a4 Ra3 47. a5 Ke5 48. Rh7 Ra2+ 49. Kf1 Rxa5 50.
Rxh5 Ke4 51. Rh8 Kf3 52. Ke1 Ra1+ 53. Kd2 Rh1 54. h5 f4 55. h6 Ng5 56. Rg8 Ne4+ 0-1

[Event "Early-Titled-Tuesday-Blitz-April-23-2024"]
[Site "Chess.com"]
[Date "2024.04.23"]
[Round "3"]
[White "K_A_S_T_O_R"]
[Black "viktorskliarov"]
[Result "1/2-1/2"]
[WhiteElo "2846"]
[BlackElo "2611"]
[TimeControl "180+1"]
[EndTime "8:29:41 PDT"]
[Termination "Game drawn by agreement"]

1. e4 c5 2. Nf3 Nc6 3. d4 cxd4 4. Nxd4 Nf6 5. Nc3 e5 6. Ndb5 d6 7. Bg5 a6 8. Na3 b5 9. Nd5 Be7 10. Bxf6 Bxf6 11. c3 O-O 12. Nc2 Rb8 13. Be2 Bg5 14. O-O Ne7 15. Ncb4 Nxd5 16. Nxd5 Be6 17. Qd3 Bxd5 18.
Qxd5 Qb6 19. Bd1 b4 20. c4 Qd4 21. Qxd4 exd4 22. Be2 Bd8 23. Bd3 Bb6 24. g3 a5 25.
Bc2 Rfe8 26. Rfe1 Re7 27. Ba4 Rc8 28. Bb5 g6 29. Rad1 Kg7 30. Kg2 h5 31. f4 Rh8 32.
h4 Bc5 33. Kf3 Kf6 34. Bc6 Rc8 35. Bd5 Rcc7 36. Re2 Kg7 37. Rg2 Rc8 38. g4 hxg4+ 39. Rxg4 Rh8 40. Rh1 Kf6 41. Ke2 Rh5 42. Kd3 Re8 43. Rg5 Reh8 44. e5+ Kg7 45. Rxh5 Rxh5 46. Bf3 Rh8 47. h5 dxe5 48. fxe5 gxh5 49. Bxh5 Kf8 50.
Ke4 Ke7 51. b3 Ba7 52. Bf3 Rxh1 53. Bxh1 f6 54. Bf3 fxe5 55. Kxe5 d3 56. Kd5 Kd7 57. c5 Kc7 58. Kc4 d2 59. Kb5 Kd7 60. c6+ Kc7 61.
Kxa5 Bc5 62. Kb5 Bf8 63. Kc4 d1=Q 64. Bxd1 Kxc6 65. Bf3+ Kb6 1/2-1/2

[Event "Early-Titled-Tuesday-Blitz-April-23-2024"]
[Site "Chess.com"]
[Date "2024.04.23"]
[Round "3"]
[White "Durarbayli"]
[Black "AradNazari"]
[Result "1-0"]
[WhiteElo "2939"]
[BlackElo "2717"]
[TimeControl "180+1"]
[EndTime "8:29:42 PDT"]
[Termination "Durarbayli won by checkmate"]

1. e4 c5 2. Nf3 d6 3. d4 cxd4 4. Nxd4 Nf6 5. Nc3 a6 6. h4 e5 7. Nf5 d5 8. Qf3 dxe4 9. Nxe4 Nxe4 10. Qxe4 Nc6 11. h5 Qf6 12. Ne3 Be6 13. Bd2 Bc5 14.
Bd3 Rd8 15. Qh4 h6 16. a3 Be7 17. Qxf6 Bxf6 18. O-O-O Bg5 19. Be4 O-O 20. Bc3 Bf4 21. Kb1 f5 22. Bd5 Kf7 23. Bxc6 bxc6 24.
g3 Bxe3 25. fxe3 Bd5 26. Rh4 Ke6 27. Ra4 Bf3 28. Rf1 Bxh5 29. Rxa6 Rc8 30. Ra5 e4 31. Re5+ Kd7 32. Rfxf5 Rxf5 33. Rxf5 Bg6 34. Rf4 h5 35.
Bxg7 Rg8 36. Bd4 Ke6 37. c4 Bf5 38. Rh4 Bg4 39. Bb6 Rf8 40. Bc7 Rf3 41. Bf4 Rf2 42. Rh1 Be2 43. Rc1 Bd3+ 44. Ka2 c5 45. Kb3 Kd7 46.
Kc3 Kc6 47. b4 Ra2 48. Kb3 Rg2 49. b5+ Kb6 50. a4 Rf2 51. a5+ Kxa5 52. Bc7# 1-0

[Event "Early-Titled-Tuesday-Blitz-April-23-2024"]
[Site "Chess.com"]
[Date "2024.04.23"]
[Round "3"]
[White "xxysoul6"]
[Black "Nimrod_Veinberg"]
[Result "0-1"]
[WhiteElo "2992"]
[BlackElo "2761"]
[TimeControl "180+1"]
[EndTime "8:29:44 PDT"]
[Termination "Nimrod_Veinberg won on time"]

1. c4 e6 2. Nf3 d5 3. e3 Nf6 4.
Nc3 b6 5. b3 Bb7 6. Bb2 Be7 7.
cxd5 exd5 8. Nd4 g6 9. h4 c5 10. Bb5+ Kf8 11. Nf3 a6 12. Bd3 h6 13. Ne2 Nc6 14. Rc1 Rg8 15. Bb1 Qd6 16. d4 Ne4 17. dxc5 bxc5 18. Ba3 Nb4 19. Nd2 Nxd2 20. Qxd2 a5 21.
Bb2 Rc8 22. h5 gxh5 23. Ng3 Rxg3 24. fxg3 Qxg3+ 25. Qf2 Qxf2+ 26. Kxf2 Bg5 27. Rxh5 d4 28. Rxg5 dxe3+ 29. Kxe3 hxg5 30. Rh1 Ke7 31. Rh5 Nd5+ 32. Kf2 c4 33. bxc4 Rxc4 34. Rxg5 Rf4+ 35. Kg3 Rf1 36. Be4 Rd1 37. Rf5 Ke6 38. Rf2 Bc6 39. Ba3 Ne7 40.
Bc2 Rd7 41. Re2+ Kf6 42. Bb2+ Kg5 43. Re5+ f5 0-1

[Event "Early-Titled-Tuesday-Blitz-April-23-2024"]
[Site "Chess.com"]
[Date "2024.04.23"]
[Round "3"]
[White "InitiatingASC"]
[Black "UnTucopalaTimba"]
[Result "1-0"]
[WhiteElo "2362"]
[BlackElo "2027"]
[TimeControl "180+1"]
[EndTime "8:29:45 PDT"]
[Termination "InitiatingASC won on time"]

1. d4 Nf6 2. c4 e6 3. Nc3 Bb4 4.
e3 O-O 5. Bd3 d5 6. Nf3 c5 7. O-O dxc4 8. Bxc4 Nc6 9. a3 Bxc3 10.
bxc3 Qc7 11. Qe2 e5 12. Bb2 Bg4 13. h3 Bh5 14. g4 Bg6 15. Nh4 exd4 16. cxd4 cxd4 17.
Nxg6 hxg6 18. exd4 Rfe8 19. Qf3 Rad8 20. Rfd1 a6 21. Rac1 Qb6 22. Qb3 Qxb3 23. Bxb3 Nd5 24. Ba4 Re6 25. Re1 Rxe1+ 26. Rxe1 b5 27. Bb3 Kf8 28.
Kh2 Nf4 29. Rd1 Na5 30. Ba2 Nd5 31. Kg3 Nc4 32. Bc1 f6 33. a4 Rd7 34. Rd3 Nb4 35.
Bxc4 bxc4 36. Rd1 Nd3 37. Ba3+ Kf7 38. Kf3 Rxd4 39. Ke3 Rd7 40. Rb1 c3 41. Rb3 Ne5 42. Rxc3 a5 43. f4 Nxg4+ 44. hxg4 Rd1 45. Rd3 Rh1 46.
Ke4 Re1+ 47. Kf3 Rh1 48. Rd7+ Kg8 49. Rd8+ Kf7 50. Rd3 Rh3+ 51. Ke2 Rh2+ 52. Kf1 Ra2 53. Re3 Ra1+ 54. Kf2 1-0

[Event "Early-Titled-Tuesday-Blitz-April-23-2024"]
[Site "Chess.com"]
[Date "2024.04.23"]
[Round "3"]
[White "superchess02"]
[Black "subham777"]
[Result "1/2-1/2"]
[WhiteElo "2892"]
[BlackElo "2551"]
[TimeControl "180+1"]
[EndTime "8:29:46 PDT"]
[Termination "Game drawn by repetition"]

1. d4 d5 2. c4 e6 3. Nc3 Nf6 4. Bg5 Be7 5. e3 O-O 6. Nf3 Ne4 7.
Bxe7 Qxe7 8. Rc1 c6 9. Bd3 f5 10. O-O Nd7 11. a3 Ndf6 12. Ne5 Bd7 13. f3 Nxc3 14. Rxc3 Be8 15. b4 Nd7 16. f4 Nxe5 17. fxe5 Qg5 18. Qc1 Bh5 19. cxd5 exd5 20. b5 Be8 21. bxc6 Bxc6 22. Rf4 g6 23. Bb1 Qe7 24. Ba2 Qd7 25. h4 Rad8 26. Qe1 Kh8 27. Qg3 Qe7 28.
Rf2 a5 29. Rc5 a4 30. h5 gxh5 31. Bb1 h4 32. Qh3 Rf7 33. Rf4 Rg7 34. Bxf5 Rdg8 35. Rc2 Rg3 36. Qxh4 Qxh4 37. Rxh4 R8g7 38. Re2 Bb5 39. Rc2 Bc4 40. e4 Re3 41. exd5 Re1+ 42. Kh2 Re2 43. Rxc4 Rexg2+ 44. Kh1 Rg1+ 45. Kh2 R1g2+ 46. Kh1 Rg1+ 47. Kh2 R1g2+ 1/2-1/2

[Event "Early-Titled-Tuesday-Blitz-April-23-2024"]
[Site "Chess.com"]
[Date "2024.04.23"]
[Round "3"]
[White "Kobalia"]
[Black "JeFumeDesClopes"]
[Result "1-0"]
[WhiteElo "2817"]
[BlackElo "2600"]
[TimeControl "180+1"]
[EndTime "8:29:47 PDT"]
[Termination "Kobalia won on time"]

1. d4 Nf6 2. Nf3 c5 3. c3 g6 4. Bg5 Bg7 5. Nbd2 O-O 6. Bxf6 Bxf6 7. Ne4 cxd4 8. Nxf6+ exf6 9. Nxd4 d5 10. e3 Nc6 11.
Be2 Re8 12. O-O h5 13. Qc2 h4 14. h3 Kg7 15. Rad1 Qd6 16. Nb5 Qe5 17. Bf3 Be6 18. Qa4 g5 19. Rfe1 f5 20. Nd4 Ne7 21. Nc2 a6 22. Qd4 Nc6 23. Qxe5+ Nxe5 24. Bxd5 Rad8 25. Bxe6 fxe6 26. Nd4 Kf6 27. Kf1 g4 28.
Ke2 Rg8 29. Nb3 Rc8 30. Nc1 gxh3 31. gxh3 Rg2 32. Nd3 Rcg8 33. Nf4 Rh2 34. Rd6 Re8 35. Rg1 Kf7 36. b3 Re7 37. c4 a5 38. Rb6 Nc6 39.
a3 Rd7 40. b4 axb4 41. axb4 e5 42. Nd3 Rxh3 43. Rxc6 bxc6 44. Nxe5+ Ke6 45. Nxd7 Kxd7 46. Rg5 Ke6 47. Rg6+ Kd7 48. Rf6 Rh1 49. Rxf5 Rb1 50. b5 cxb5 51. cxb5 h3 52. Rh5 Rh1 53. Rh6 h2 54. b6 Kc8 55. Rh7 Kb8 56. b7 Ka7 57.
Kf3 Kb8 58. Kg2 1-0

[Event "Early-Titled-Tuesday-Blitz-April-23-2024"]
[Site "Chess.com"]
[Date "2024.04.23"]
[Round "3"]
[White "karinachess1"]
[Black "PoXerStar"]
[Result "1-0"]
[WhiteElo "2609"]
[BlackElo "2361"]
[TimeControl "180+1"]
[EndTime "8:29:47 PDT"]
[Termination "karinachess1 won on time"]

1. d4 d5 2. c4 c6 3. Nf3 Nf6 4.
g3 Bf5 5. Nc3 e6 6. Qb3 Qb6 7.
c5 Qxb3 8. axb3 Na6 9. Bf4 Nb4 10.
Ra4 a5 11. h3 h6 12. Bc7 Nc2+ 13. Kd2 Ne4+ 14. Nxe4 Bxe4 15. Bg2 Kd7 16. Bb6 f6 17. Rc1 Nb4 18. Bxa5 Na6 19. Bc3 Be7 20. b4 Nxc5 21.
Rxa8 Nb3+ 22. Ke3 Rxa8 23. Re1 Ra4 24. Bf1 Bxb4 25. Nd2 Nxd2 26. Kxd2 Bxc3+ 27. bxc3 Ra2+ 28. Ke3 Rc2 29. f3 Rxc3+ 30. Kd2 Rc2+ 31. Ke3 Bg6 32. Ra1 Rc3+ 33. Kf2 b5 34. Ra7+ Kd6 35. Rxg7 Bc2 36. Ke1 b4 37. Kd2 Ba4 38. Rb7 Rc2+ 39. Ke1 Bb5 40. Kd1 b3 41. f4 Ra2 42. Kc1 Ra1+ 43.
Kb2 Rxf1 44. Rh7 Bxe2 45. Kxb3 Bc4+ 46. Kb4 Rb1+ 47. Ka5 c5 48. dxc5+ Kxc5 49. Rc7+ Kd6 50. Rh7 Ra1+ 51. Kb4 Rb1+ 52. Kc3 Rb3+ 53. Kc2 Rxg3 54.
Rxh6 f5 55. h4 d4 56. Rh8 Bd5 57.
h5 d3+ 58. Kc3 Be4 59. h6 Rh3 60. h7 Ke7 61. Rc8 1-0

[Event "Early-Titled-Tuesday-Blitz-April-23-2024"]
[Site "Chess.com"]
[Date "2024.04.23"]
[Round "3"]
[White "GambitGiesbergen"]
[Black "Chess_RSM"]
[Result "1-0"]
[WhiteElo "2336"]
[BlackElo "2576"]
[TimeControl "180+1"]
[EndTime "8:29:47 PDT"]
[Termination "GambitGiesbergen won on time"]

1. e4 e6 2. d4 d5 3. Nc3 f5 4. exf5 exf5 5. Qh5+ g6 6. Qe2+ Be7 7. Bg5 c6 8. Qe5 Kf8 9. Qxh8 Bxg5 10. Qxh7 Qe8+ 11.
Be2 Nd7 12. Nf3 Ndf6 13. Qc7 Bh6 14. O-O Qe7 15. Qxe7+ Nxe7 16. Ne5 Be6 17. Bd3 Re8 18. Na4 Nd7 19. Nxd7+ Bxd7 20. Nc5 Bc8 21. Rfe1 Kf7 22. c3 b6 23. Nb3 Rd8 24. Kf1 Ng8 25. Re2 Bg5 26. f3 Bf4 27. g3 Bd6 28. Rae1 Nf6 29.
Kg2 Bd7 30. Nc1 Rh8 31. Bc2 Rb8 32. Nd3 Kg7 33. a4 a5 34. Ne5 Be8 35. Nd3 Bd7 36. Bb1 Bc8 37. Ne5 Bb7 38. Bd3 Rd8 39. b3 c5 40. Bb5 Rc8 41. Nd7 Nxd7 42. Bxd7 Rc7 43. Bb5 Bc8 44. Re8 Kf7 45. Rh8 Be7 46. Rh7+ Kf6 47.
Re2 Be6 48. Rh8 Bc8 49. h4 Kg7 50. Re8 Kf7 51. Bc6 Be6 52. Bb5 Bc8 53. Kf2 Kf6 54.
Bc6 1-0